 Dungeon Crawl Stone Soup version 0.26.1-11-gd32895ea62 (webtiles) character file.

Game seed: 3041942402679525738

204 Almogavar the Chopper (level 5, -6/47 HPs)
             Began as a Hill Orc Fighter on May 6, 2021.
             Killed by divine providence
             ... invoked by an orc priest
              (13 damage)
             ... on level 4 of the Dungeon.
             The game lasted 00:06:49 (2944 turns).

Almogavar the Chopper (Hill Orc Fighter)            Turns: 2944, Time: 00:06:49

Health: -6/47      AC: 14    Str: 20    XL:     5   Next: 82%
Magic:  5/5        EV:  7    Int:  8    God:
Gold:   107        SH: 10    Dex: 10    Spells: 4/4 levels left

rFire    + + +     SeeInvis .   a - +0 war axe
rCold    + + .     Faith    .   c - +1 kite shield
rNeg     . . .     Spirit   .   j - +3 scale mail {rF+}
rPois    +         Reflect  .   (no helmet)
rElec    +         Harm     .   b - scarf {rC+ rF+}
rCorr    +         Rampage  .   (no gloves)
Will     .....                  (no boots)
Stlth    ..........             (no amulet)
HPRegen  0.15/turn              n - +4 ring of protection
MPRegen  0.09/turn              (no ring)

@: brilliant, resistant
A: no striking features
a: Convert to Beogh


You were on level 4 of the Dungeon.
You visited 1 branch of the dungeon, and saw 4 of its levels.

You collected 107 gold pieces.

Inventory:

Hand Weapons
 a - a +0 war axe (weapon)
Missiles
 r - 3 stones (quivered)
Armour
 b - a scarf of resistance (worn)
 c - a +1 kite shield (worn)
 j - a +3 scale mail of fire resistance (worn)
 s - a +0 cloak
Jewellery
 n - a +4 ring of protection (left hand)
Scrolls
 f - a scroll of fog {unknown}
 g - a scroll of enchant armour
 k - a scroll of random uselessness {unknown}
 l - a scroll of teleportation
 o - a scroll of noise {unknown}
 p - a scroll of identify {unknown}
 q - a scroll of blinking {unknown}
Potions
 d - 2 potions of might
 e - a potion of cancellation {unknown}
 i - a potion of brilliance
 m - a potion of resistance


   Skills:
 + Level 4.7 Fighting
 + Level 5.4 Axes
 + Level 4.0 Armour
 + Level 0.5 Dodging
 + Level 0.4 Stealth
 + Level 4.0 Shields


You had 4 spell levels left.
You didn't know any spells.
Your spell library was empty.

Dungeon Overview and Level Annotations

Branches:
Dungeon (4/15)
 Temple: D:4-7

Altars:
Dithmenos
Zin

Shops:
D:2 *


Message History

The orc priest threatens, "By the altar or by the axe, you will meet Beogh!"
You hit the orc priest but do no damage.
The orc wizard closely misses you. You block the orc priest's attack.
The orc priest hits you but does no damage.
You block the orc wizard's attack.
It was a potion of brilliance.
You feel clever all of a sudden.
The orc priest calls down the wrath of Beogh upon you.
You barely resist.
The orc wizard hits you but does no damage.
You block the orc priest's attack.
It was a potion of resistance.
You feel protected.
The orc wizard gestures wildly while chanting.
The orc wizard blinks!
The orc priest threatens, "By the altar or by the axe, you will meet Beogh!"
The orc priest hits you but does no damage.
The orc priest mumbles some strange prayers to Beogh against you.
Beogh smites you!
You die...

#.....###.....##.# #.#
######.#.###.###.###.#
##.##
#...#.#...######## #.#
###.#.#........... #.#
#....#...######## #.#
#[.####.## ..# #.. #.#
#######.ยง####.#
......o@....#
.####.o####.# #.. #.#
#o# #.# #. ..# [. #.#
.. #.# ## #.#


You could see 2 orc priests and an orc wizard (fast).

Vanquished Creatures
  Crazy Yiuf (D:2)
  An orc priest (D:3)
  Terence (D:2)
  3 adders
  A worm (D:3)
  2 dart slugs
  2 leopard geckos
  8 orcs (D:3)
  5 giant cockroaches
  10 goblins
  5 hobgoblins
  7 jackals
  7 kobolds
  10 bats
  4 frilled lizards
  13 rats
80 creatures vanquished.

Notes
Turn   | Place    | Note
-------+----------+-------------------------------------------
     0 | D:1      | Almogavar the Hill Orc Fighter began the quest for the Orb.
     0 | D:1      | Reached XP level 1. HP: 19/19 MP: 1/1
   170 | D:1      | Reached XP level 2. HP: 27/27 MP: 2/2
   826 | D:1      | Reached skill level 3 in Axes
  1009 | D:2      | Found a shadowy altar of Dithmenos.
  1015 | D:2      | Reached XP level 3. HP: 32/33 MP: 3/3
  1032 | D:2      | Noticed Terence
  1041 | D:2      | Killed Terence
  1042 | D:2      | Reached skill level 4 in Axes
  1154 | D:2      | Reached XP level 4. HP: 40/40 MP: 4/4
  1312 | D:2      | Found a runed translucent door.
  1313 | D:2      | Noticed Crazy Yiuf
  1575 | D:2      | Found Zin's Purification Station.
  1580 | D:2      | Found a glowing silver altar of Zin.
  1714 | D:2      | Killed Crazy Yiuf
  1794 | D:3      | Reached XP level 5. HP: 46/46 MP: 5/5
  2008 | D:3      | Reached skill level 5 in Axes
  2944 | D:4      | Killed from afar by an orc priest

Illustrated notes

Levels and vault maps discovered:
D:1:      elethiomel_arrival_infinity_welcomes_careful_drivers,
          layout_loops_corners
D:2:      layout_loops_ring, zin_purify, general_overflow_altar,
          chequers_serial_rivers_marsh, uniq_terence, uniq_crazy_yiuf_cottage
D:3:      minmay_recursive_quarters, layout_basic
D:4:      minmay_goblin_kobold_castle, layout_loops_ring,
          eat_drink_and_be_merry_uskayaw, serial_bayou, serial_bayou_shore_a,
          serial_bayou_pond_a, serial_bayou_pond_a, serial_bayou_pond_d,
          serial_bayou_shore_b

Skill      XL: |  1  2  3  4  5 |
---------------+----------------+-----
Axes           | 3 4 5 |  5.4
Fighting       | 4 |  4.7
Armour         | 4 |  4.0
Shields        | 4 |  4.0
Dodging        | |  0.5
Stealth        | |  0.4

Action                   |  1- 3 |  4- 6 || total
-------------------------+-------+-------++-------
Melee: War axe           |    78 |   120 ||   198
  Use: Scroll            |       |     5 ||     5
       Potion            |       |     2 ||     2
Armor: Scale mail        |    34 |    52 ||    86
Dodge: Dodged            |    24 |    28 ||    52
Block: Kite shield       |    43 |    63 ||   106
